AoeStats
← b站江条

Arena

508817782Analyzed
1v1 RM · 8d ago on Sep 24, 2026· 38m 9s· 2 players
Game mode
Random Map
Map size
Tiny (2 player)
Population
200
Speed
Normal
Resources
Standard
Victory
Conquest
Starting age
Dark Age
Ending age
Imperial Age
RankedLock teamsTeams togetherTeam positionsShared explorationLock speedFull tech treeHidden civsTurbo modeCheats
Victory
Defeat
🇨🇳 Maya · China
1395
+13
🇦🇺 Saxons · Australia
1326
-13
ClassicJackPot
5:48 Loom
7:41 Feudal Age
10:54 Fletching
22:49 Castle Age
21:25 Stone Mining
22:43 Double-Bit Axe
23:54 Bodkin Arrow
26:40 Gold Mining
30:34 Atonement
34:36 Imperial Age
33:20 Wheelbarrow
32:30 Town Watch
33:50 Bow Saw
34:06 Guard Tower
35:19 Bracer
36:52 Chemistry
36:49 Padded Archer Armor
36:49 Scale Mail Armor
37:00 Forging
38:27 Chain Mail Armor
b站江条
0:25 Loom
10:29 Feudal Age
16:40 Castle Age
16:43 Stone Mining
18:22 Double-Bit Axe
25:32 Bow Saw
25:04 Horse Collar
31:36 Imperial Age
30:02 Heavy Plow
30:39 Wheelbarrow
30:34 Fletching
32:24 Bodkin Arrow
33:48 Two-Man Saw
35:25 Bracer
35:43 Guilds
36:08 Gold Mining
36:41 Hand Cart
37:34 Conscription
Connection lost

Rejoining the realm…

Still unreachable

The connection could not be restored.

Session expired

The server has moved on; the page needs a fresh start.